 Dungeon Crawl Stone Soup version 0.26.1-11-gd32895ea62 (webtiles) character file.

Game seed: 7877318063931852781

48 vvl the Skirmisher (level 3, 0/34 HPs)
             Began as a Naga Fighter on June 16, 2021.
             Was an Initiate of Okawaru.
             Slain by a jackal (3 damage)
             ... on level 2 of the Dungeon.
             The game lasted 00:02:36 (1332 turns).

vvl the Skirmisher (Naga Fighter)                   Turns: 1332, Time: 00:02:36

Health: 0/34       AC:  5    Str: 19    XL:     3   Next: 72%
Magic:  4/4        EV:  5    Int:  8    God:    Okawaru [......]
Gold:   83         SH:  8    Dex: 10    Spells: 2/2 levels left

rFire    . . .     SeeInvis +   a - +0 long sword
rCold    . . .     Faith    +   c - +0 kite shield
rNeg     . . .     Spirit   .   b - +0 scale mail
rPois    +         Reflect  .   g - +0 helmet (curse)
rElec    .         Harm     .   (no cloak)
rCorr    .         Rampage  .   (no gloves)
Will     .....                  (no barding)
Stlth    ..........             h - amulet of faith
HPRegen  0.11/turn              (no ring)
MPRegen  0.09/turn              (no ring)

@: attractive, very slow
A: large, see invisible, deformed body, poison resistance, slowness 2, spit
poison 1, AC +1
a: Spit Poison, Renounce Religion


You were on level 2 of the Dungeon.
You worshipped Okawaru.
Okawaru was noncommittal.
You visited 1 branch of the dungeon, and saw 2 of its levels.

You collected 83 gold pieces.

Inventory:

Hand Weapons
 a - a +0 long sword (weapon)
Armour
 b - a +0 scale mail (worn)
 c - a +0 kite shield (worn)
 g - a cursed +0 helmet (worn)
Jewellery
 h - an amulet of faith (around neck)
Scrolls
 f - 2 scrolls of fog {unknown}
 k - a scroll of immolation {unknown}
Potions
 d - a potion of might
 e - a potion of attraction
 i - a potion of degeneration {unknown}
 j - 3 potions of heal wounds {unknown}
 l - a potion of lignification {unknown}


   Skills:
 + Level 3.2 Fighting
 * Level 2.5 Long Blades
 + Level 2.6 Armour
 + Level 0.4 Dodging
 + Level 2.6 Shields
 * Level 1.7 Invocations


You had 2 spell levels left.
You didn't know any spells.
Your spell library was empty.

Dungeon Overview and Level Annotations

Branches:
Dungeon (2/15)

Altars:
Okawaru


Innate Abilities, Weirdness & Mutations

You cannot wear boots.
Your serpentine skin is tough. (AC +1)
You have supernaturally acute eyesight. (SInv)
Armour fits poorly on your strangely shaped body.
Your system is resistant to poisons. (rPois)
You cover ground very slowly.
You can spit poison.


Message History

The jackal barely misses you. You block the jackal's attack.
The jackal bites you.
* * * LOW HITPOINT WARNING * * *
The jackal bites you.
* * * LOW HITPOINT WARNING * * *
The jackal bites you.
* * * LOW HITPOINT WARNING * * *
The jackal barely misses you.
You riposte.
You hit the jackal.
The jackal is severely wounded.
You hit the jackal.
The jackal is almost dead.
You have got your breath back.
You block the jackal's attack. The jackal bites you.
* * * LOW HITPOINT WARNING * * *
The jackal bites you but does no damage.
You block the jackal's attack. x2
It was a potion of attraction.
You feel attractive to monsters. The jackal bites you.
You die...

≈#.#######.##........##.#
.#≈#. #.#######.......
.#..#####.##############
#................###
#..........†...>...#
#............)##.#.###
#.............##>#<...
##............##.#.###
#...h@h..........#.#
#####h#####......#..
#h...........###
#..#########.. #..# ...#
...# ....# ....#


You could see 4 jackals.

Vanquished Creatures
  An ooze (D:2)
  2 worms (D:2)
  2 dart slugs (D:1)
  A leopard gecko (D:1)
  A giant cockroach (D:1)
  3 goblins (D:1)
  2 hobgoblins
  3 jackals (D:1)
  A quokka (D:2)
  7 bats
  2 frilled lizards (D:1)
  5 kobolds
  3 rats (D:1)
33 creatures vanquished.

Notes
Turn   | Place    | Note
-------+----------+-------------------------------------------
     0 | D:1      | vvl the Naga Fighter began the quest for the Orb.
     0 | D:1      | Reached XP level 1. HP: 21/21 MP: 1/1
   289 | D:1      | Reached XP level 2. HP: 28/28 MP: 2/2
   302 | D:1      | Reached skill level 1 in Invocations
   610 | D:1      | Found an iron altar of Okawaru.
   616 | D:1      | Became a worshipper of Warmaster Okawaru
   629 | D:1      | Reached XP level 3. HP: 32/34 MP: 3/3
  1332 | D:2      | Slain by a jackal

Illustrated notes

Levels and vault maps discovered:
D:1:      eino_arrival_cavern_a, layout_basic, okawaru_ov_weapons_minmay
D:2:      minmay_spotlight, layout_basic, general_overflow_altar,
          amcnicky_mini_corridor_feature, tgw_xom

Skill      XL: |  1  2 |
---------------+-------+-----
Invocations    | 1 |  1.7
Fighting       | |  3.2
Long Blades    | |  2.5
Armour         | |  2.6
Dodging        | |  0.4
Shields        | |  2.6

Action                   || total
-------------------------++-------
Melee: Long sword        ||   113
 Abil: Spit Poison       ||     1
  Use: Potion            ||     1
Armor: Scale mail        ||    85
Dodge: Dodged            ||    47
Block: Kite shield       ||    70
       Rpst.: Long sword ||    12
